 Dungeon Crawl Stone Soup version 0.29.1-1-gd02db6906a (webtiles) character file.

Game seed: 14960099944455155507

534 Ashen the Firebug (level 7, 0/46 HPs)
             Began as a Demonspawn Fire Elementalist on Oct 12, 2022.
             Slain by a gnoll sergeant
             ... wielding a +3 spear of freezing
              (6 damage)
             ... on level 5 of the Dungeon.
             The game lasted 00:08:18 (4061 turns).

Ashen the Firebug (Demonspawn Fire Elementalist)    Turns: 4061, Time: 00:08:21

Health: 0/46       AC:  3    Str:  8    XL:     7   Next: 4%
Magic:  3/12       EV: 13    Int: 18    God:
Gold:   103        SH:  0    Dex: 16    Spells: 6/13 levels left

rFire   . . .      SeeInvis .   c - +4 whip (drain)
rCold   . . .      Faith    .   (no shield)
rNeg    . . .      Spirit   .   a - +0 robe
rPois   .          Reflect  .   v - +1 hat
rElec   .          Harm     .   (no cloak)
rCorr   .          Rampage  .   (no gloves)
Will    .....                   (no boots)
Stlth   ++++......              (no amulet)
HPRegen 0.15/turn               (no ring)
MPRegen 0.13/turn               (no ring)

@: no status effects
A: hooves 1, thin skeletal structure 1, demonic guardian 1
a: no special abilities


You were on level 5 of the Dungeon.
You visited 1 branch of the dungeon, and saw 5 of its levels.

You collected 260 gold pieces.
You spent 157 gold pieces at shops.

Inventory:

Hand Weapons
 c - a +4 whip of draining (weapon)
 t - a +0 dagger of venom
Missiles
 f - a throwing net
 w - 3 silver javelins
Armour
 a - a +0 robe (worn)
 v - a +1 hat (worn)
Jewellery
 x - a +6 ring of intelligence
Wands
 s - a wand of flame (10)
 A - a wand of mindburst (10)
Scrolls
 e - 2 scrolls of vulnerability {unknown}
 i - 2 scrolls of enchant weapon {unknown}
 l - a scroll of enchant armour {unknown}
 m - 2 scrolls of identify
 n - 2 scrolls of fear {unknown}
 p - a scroll of noise {unknown}
 q - a scroll of butterflies
 r - 7 scrolls of teleportation
 u - a scroll of immolation
 y - 3 scrolls of torment {unknown}
 z - a scroll of blinking {unknown}
Potions
 b - 2 potions of magic
 d - 3 potions of heal wounds {unknown}
 g - 3 potions of might {unknown}
 h - a potion of brilliance {unknown}
 j - a potion of lignification {unknown}
 k - 2 potions of flight {unknown}
 o - a potion of haste {unknown}


   Skills:
 + Level 3.4 Dodging
 + Level 3.6 Stealth
 + Level 3.5 Spellcasting
 + Level 3.3 Conjurations
 + Level 4.0 Fire Magic


You had 6 spell levels left.
You knew the following spells:

 Your Spells              Type           Power      Damage    Failure   Level
a - Foxfire               Conj/Fire      64%        2x1d7     3%          1
b - Scorch                Fire           34%        2d6       4%          2
c - Flame Wave            Conj/Fire      16%        2d7       34%         4

Your spell library contained the following spells:

 Spells                   Type           Power      Damage    Failure   Level
 Conjure Flame            Conj/Fire      16%        6-21      11%         3
 Inner Flame              Hex/Fire       10%        N/A       21%         3
 Gell's Gravitas          Tloc           3%         N/A       43%         3
 Lesser Beckoning         Tloc           3%         N/A       43%         3
 Teleport Other           Tloc           3%         N/A       43%         3


Dungeon Overview and Level Annotations

Branches:
Dungeon (5/15)
 Temple: D:4-7

Altars:
Kikubaaqudgha

Shops:
D:3 ?   D:4 !(((

Annotations:
D:5 Sigmund


Innate Abilities, Weirdness & Mutations

You have large cloven feet.
You have a somewhat thin skeletal structure. (Dex +2, Stealth+)
A weak demonic guardian rushes to your aid.


Message History

The gnoll sergeant closely misses you.
The foxfire hits the gnoll sergeant but does no damage.
The gnoll sergeant is severely wounded.
The foxfire hits the gnoll.
The gnoll is moderately wounded.
The gnoll sergeant closely misses you. The gnoll sergeant misses you.
The gnoll attacks as you move away! The gnoll closely misses you.
The gnoll attacks as you move away! The gnoll barely misses you.
The gnoll attacks as you move away! The gnoll hits you with a +0 whip.
The gnoll attacks as you move away! The gnoll hits you with a +0 whip.
Casting: Foxfire (safe; 3% risk of failure)
Confirm with . or Enter, or press ? or * to list all spells.
Flames lash the gnoll.
The gnoll is severely wounded.
The gnoll's fire resistance burns away.
The gnoll hits you with a +0 whip! The gnoll attacks as you move away!
The gnoll hits you with a +0 whip.
You are too injured to fight recklessly!
Casting: Scorch (safe; 4% risk of failure)
Confirm with . or Enter, or press ? or * to list all spells.
You conjure some foxfire!
The foxfire hits the gnoll.
The gnoll is lightly wounded.
The foxfire hits the gnoll.
The gnoll is heavily wounded.
Casting: Foxfire (safe; 3% risk of failure)
Confirm with . or Enter, or press ? or * to list all spells.
You conjure some foxfire!
The foxfire hits the gnoll!
The gnoll is burned terribly!
You kill the gnoll!
The foxfire hits the gnoll.
You kill the gnoll!
You see here a +0 flail.
Casting: Foxfire (safe; 3% risk of failure)
Confirm with . or Enter, or press ? or * to list all spells.
You conjure some foxfire!
The gnoll sergeant hits you from afar with a +3 spear of freezing!
* * * LOW HITPOINT WARNING * * *
A demonic guardian appears!
The gnoll sergeant freezes you.
You die...

###..........#
#............#
#...)...######
#......## #.###.##
.§§§§.§≈≈...#.###.#
...≈≈8≈≈§...#...#5#
.....§......###.#.#
.....§......# #)@v#
............# ##.v#
............####g.#
............##)g)##
....[...#.####.#.#
..........g..g.#.#
......!..g######.#
............## #.#
.....##.......##.##


You could see a gnoll sergeant (ally target), a gnoll and a friendly shadow imp
(summoned).

Vanquished Creatures
  Grinder (D:3)
  A phantom (D:3)
  A scorpion (D:5)
  A jelly (D:4)
  7 adders
  2 gnolls (D:5)
  2 worms
  4 dart slugs
  8 ball pythons
  6 endoplasms
  A giant cockroach (D:1)
  13 goblins
  6 hobgoblins
  A quokka (D:1)
  6 bats
  3 frilled lizards
  7 kobolds
  7 rats
77 creatures vanquished.

Vanquished Creatures (others)
  210 foxfires
  5 plants (D:4)
215 creatures vanquished.

Grand Total: 292 creatures vanquished

Notes
Turn   | Place    | Note
-------+----------+-------------------------------------------
     0 | D:1      | Ashen the Demonspawn Fire Elementalist began the quest for
                  | the Orb.
     0 | D:1      | Reached XP level 1. HP: 13/13 MP: 3/3
   257 | D:1      | Gained mutation: You have a somewhat thin skeletal
                  | structure. (Dex +2, Stealth+) [demonic ancestry]
   257 | D:1      | Reached XP level 2. HP: 14/19 MP: 0/5
   934 | D:2      | Gained mutation: You have large cloven feet. [demonic
                  | ancestry]
   934 | D:2      | Reached XP level 3. HP: 23/24 MP: 4/6
  1014 | D:2      | Reached skill level 3 in Fire Magic
  1828 | D:2      | Reached XP level 4. HP: 30/30 MP: 5/7
  1926 | D:2      | Found a faded altar of an unknown god.
  2174 | D:3      | Found Qiarukab's Magic Scroll Shop.
  2183 | D:3      | Bought a scroll of butterflies for 44 gold pieces
  2183 | D:3      | Bought a scroll of teleportation for 33 gold pieces
  2183 | D:3      | Bought a scroll of identify for 22 gold pieces
  2595 | D:3      | Noticed a phantom
  2596 | D:3      | Identified the +0 ring mail "Ruruorr" {rC+}
  2620 | D:3      | Bought a scroll of immolation for 44 gold pieces
  2687 | D:3      | Learned a level 2 spell: Scorch
  2692 | D:3      | Learned a level 4 spell: Flame Wave
  2726 | D:3      | Killed a phantom
  2727 | D:3      | Reached XP level 5. HP: 32/35 MP: 0/9
  2805 | D:3      | Noticed Grinder
  2816 | D:3      | Killed Grinder
  2817 | D:3      | Reached XP level 6. HP: 41/41 MP: 0/11
  2989 | D:4      | Found an ancient bone altar of Kikubaaqudgha.
  3254 | D:4      | Found Ykhlinwuu's Antique Weapon Shoppe.
  3274 | D:4      | Found Riykhuoc's Antique Weapon Shoppe.
  3275 | D:4      | Found Zaiduo's Weapon Shoppe.
  3280 | D:4      | Found Moupliuc's Distillery.
  3286 | D:4      | Bought a potion of degeneration for 14 gold pieces
  3887 | D:5      | Entered Level 5 of the Dungeon
  3902 | D:5      | Noticed Sigmund
  3993 | D:5      | Reached skill level 4 in Fire Magic
  3993 | D:5      | Gained mutation: A weak demonic guardian rushes to your
                  | aid. [demonic ancestry]
  3993 | D:5      | Reached XP level 7. HP: 40/46 MP: 8/12
  4061 | D:5      | Slain by a gnoll sergeant

Illustrated notes

Levels and vault maps discovered:
D:1:      ncdulo_lavacross, layout_basic
D:2:      layout_loops_ring, dilly_ecumenical_altar_fadedgnrine,
          dreamdust_wishing_well, minmay_mini_jars
D:3:      layout_basic, serial_shops, nicolae_diamond_shop,
          minmay_misc_feat_plants, amcnicky_mini_corridor_feature, uniq_grinder
D:4:      layout_gridville, kiku_gazebo_pond_becter, serial_bayou,
          serial_bayou_crossing, serial_bayou_lagoon_a, serial_bayou_shore_b,
          serial_bayou_shore_b, minmay_shop_grid_forest
D:5:      layout_rooms, demons_altar, kennysheep_generic_room_15, uniq_sigmund,
          uniq_duvessa

Skill      XL: |  1  2  3  4  5  6 |
---------------+-------------------+-----
Stealth        | 2 3 |  3.6
Dodging        | 2 3 |  3.4
Fire Magic     | 3 4 |  4.0
Conjurations   | 2 3 |  3.3
Spellcasting   | 3 |  3.5

Action                   |  1- 3 |  4- 6 |  7- 9 || total
-------------------------+-------+-------+-------++-------
Melee: Whip              |    28 |    11 |       ||    39
       Kick              |     4 |       |       ||     4
       Dagger            |       |     4 |       ||     4
 Cast: Foxfire           |    53 |    66 |    10 ||   129
       Scorch            |       |       |     1 ||     1
 Stab: Sleeping          |       |     2 |       ||     2
       Distracted        |       |     1 |       ||     1
Armor: Robe              |    10 |     3 |       ||    13
Dodge: Dodged            |    33 |     6 |     5 ||    44
